 Dungeon Crawl Stone Soup version 0.19.0-22-gd96e5fe (webtiles) character file.

212 patrickswayze the Sneak (level 5, -18/27 HPs)
             Began as a Deep Elf Chaos Knight on Nov 18, 2016.
             Engulfed by a cloud of flame (24 damage)
             ... on level 3 of the Dungeon.
             The game lasted 00:04:43 (2285 turns).

patrickswayze the Sneak (Deep Elf Chaos Knight)     Turns: 2285, Time: 00:04:43

Health: -18/27     AC:  7    Str:  9    XL:     5   Next: 58%
Magic:  7/7        EV: 12    Int: 17    God:    Xom [..*...]
Gold:   135        SH:  0    Dex: 15    Spells: 0 memorised, 4 levels left

rFire  . . .     SeeInvis .     a - +0 short sword (chaos)
rCold  . . .     Gourm    .     q - +2 leather armour
rNeg   . . .     Faith    .     (no shield)
rPois  .         Spirit   .     (no helmet)
rElec  .         Reflect  .     r - +0 cloak
rCorr  .         Harm     .     g - +0 pair of gloves
MR     .....                    (no boots)
Stlth  +++.......               (no amulet)
                                (no ring)
                                (no ring)

@: slowed, very slow
A: frail 1, screaming 1
a: Renounce Religion


You were on level 3 of the Dungeon.
You worshipped Xom.
You were a toy of Xom.
You were not hungry.

You visited 1 branch of the dungeon, and saw 3 of its levels.

You collected 135 gold pieces.


Innate Abilities, Weirdness & Mutations

You are frail. (-10% HP)
You occasionally shout uncontrollably at your foes.


   Skills:
 - Level 2.4 Fighting
 - Level 3.0 Short Blades
 - Level 0.7 Armour
 - Level 2.4 Dodging
 + Level 7.2 Stealth


You had 4 spell levels left.
You didn't know any spells.

Inventory:

Hand Weapons
 a - a +0 short sword of chaos (weapon)
 b - a +0 blowgun
Missiles
 n - 63 stones (quivered)
 s - 2 poisoned needles
Armour
 g - a +0 pair of gloves (worn)
 q - a +2 leather armour (worn)
 r - a +0 cloak (worn)
Jewellery
 o - an uncursed ring of flight
Scrolls
 e - 3 scrolls of random uselessness
 i - 4 scrolls of identify
 l - a scroll of immolation
Comestibles
 c - 2 bread rations
 f - a royal jelly
 k - 3 meat rations
 p - a slice of pizza


Message History

Throwing (i - inventory):
n - 63 stones (quivered)
Press: ? - help, Shift-Dir - straight line, f - Natasha
Aim: Natasha (inner flame)
Okay, then.
You hit Natasha.
There is a sudden explosion of sparks!
Natasha explodes!
The fiery explosion engulfs you!
Ouch! That really hurt!
You die... "Just one more try."
Xom revives you!
You feel a bit more experienced.
The fiery explosion engulfs the orc priest.
You kill the orc priest!
Natasha growls in agony!
Your Stealth skill increases to level 7!
You are engulfed in roaring flames.
Ouch! That really hurt!
You die...
Xom chuckles heartily!

#.# #%# #.# (# ## #.#
.# ..$_ .. #.# .# ...#
## #.# .# ..8 #.# .#
8## #.# ##.### #### #%#
#..#@##.oh
#.###.#####.###)#.####
#..............ยค%%...#
#................###.#
##################


There were no monsters in sight!

Vanquished Creatures
  2 orc priests (D:3)
  Natasha (twice) (D:3)
  5 adders
  A worm (D:2)
  2 dart slugs (D:3)
  3 leopard geckos
  An orc (D:3)
  3 bats
  4 giant cockroaches
  5 hobgoblins
  2 jackals (D:2)
  A quokka (D:2)
  A ball python (D:3)
  2 frilled lizards (D:2)
  6 goblins
  6 kobolds
  7 rats
53 creatures vanquished.

Notes
Turn   | Place    | Note
-------+----------+-------------------------------------------
     0 | D:1      | patrickswayze the Deep Elf Chaos Knight began the quest for the Orb.
     0 | D:1      | Reached XP level 1. HP: 13/13 MP: 3/3
    32 | D:1      | Reached skill level 1 in Stealth
   117 | D:1      | XOM: silly message
   209 | D:1      | Reached skill level 2 in Stealth
   213 | D:1      | Reached XP level 2. HP: 18/18 MP: 4/4
   761 | D:1      | You fall through a shaft!
   774 | D:2      | Reached skill level 3 in Stealth
   904 | D:2      | Reached XP level 3. HP: 22/22 MP: 5/5
   963 | D:2      | XOM: harmless Ice miscast
   977 | D:2      | XOM: harmless Summ miscast
  1032 | D:2      | Reached skill level 4 in Stealth
  1306 | D:2      | XOM: give mutations
  1306 | D:2      | Gained mutation: You occasionally shout uncontrollably at your foes. [Xom's mischief]
  1306 | D:2      | Gained mutation: You are frail. (-10% HP) [Xom's mischief]
  1385 | D:2      | XOM is BORED!
  1385 | D:2      | XOM: mild Fire miscast
  1440 | D:2      | XOM: divination: detect creatures
  1484 | D:2      | XOM: silly message
  1486 | D:2      | XOM: mild Fire miscast
  1666 | D:2      | XOM: noise
  1797 | D:3      | Noticed Natasha
  1803 | D:3      | Reached XP level 4. HP: 20/24 MP: 6/6
  1818 | D:3      | Killed Natasha
  1818 | D:3      | Reached skill level 5 in Stealth
  2218 | D:3      | Reached skill level 6 in Stealth
  2263 | D:3      | Found a stormy altar of Qazlal.
  2263 | D:3      | Noticed Natasha
  2273 | D:3      | Reached XP level 5. HP: 14/27 MP: 7/7
  2285 | D:3      | Killed Natasha
  2285 | D:3      | Xom revived you
  2285 | D:3      | Reached skill level 7 in Stealth
  2285 | D:3      | Engulfed by a cloud of flame

Vault maps used:
D:1:      dpeg_arrival_connections, feat_on_display
D:2:      first_bread, hangedman_abyss_or_decor_stabs, kennysheep_nub
D:3:      nicolae_overflow_hidden_temple, uniq_natasha

Action                   |  1- 3 |  4- 6 || total
-------------------------+-------+-------++-------
Melee: Short sword       |   117 |    39 ||   156
 Fire: Blowgun           |       |     5 ||     5
  Use: Potion            |     3 |     3 ||     6
       Scroll            |       |     7 ||     7
 Stab: Sleeping          |     4 |     5 ||     9
  Eat: Chunk             |     3 |     2 ||     5
Armor: Leather armour    |    47 |     8 ||    55
Dodge: Dodged            |    85 |    23 ||   108
